 Dungeon Crawl Stone Soup version 0.21-a0-88-g13b9641 (webtiles) character file.

6279 vev the Magician (level 10, -8/65 HPs)
             Began as an Octopode Summoner on June 27, 2017.
             Was an Initiate of Ru.
             Engulfed by an ice statue's freezing vapour (23 damage)
             ... in an ice cave.
             The game lasted 01:29:17 (10650 turns).

vev the Magician (Octopode Summoner)               Turns: 10650, Time: 01:29:17

Health: -8/65      AC:  6    Str: 13    XL:     10   Next: 94%
Magic:  15/20      EV: 17    Int: 20    God:    Ru [......]
Gold:   269        SH:  0    Dex: 15    Spells: 0/22 levels left

rFire    + . .     SeeInvis .   a - +3 short sword (elec)
rCold    . . .     Gourm    .   (no shield)
rNeg     . . .     Faith    .   (helmet restricted)
rPois    .         Spirit   .   T - amulet of magic regeneration
rElec    .         Reflect  .   n - ring of protection from fire
rCorr    .         Harm     .   L - +3 ring of protection
MR       .....                  z - +2 ring of protection
Stlth    +++++.....             S - ring of stealth
HPRegen  0.20/turn              (no ring)
MPRegen  0.42/turn              (no ring)
                                (no ring)
                                (no ring)

@: mighty
A: almost no armour, stealthy swim, amphibious, 8 rings, constrict 8, tentacle
spike 1, camouflage 1, agile 1, gelatinous body 1
a: Renounce Religion


You were in an ice cave.
You worshipped Ru.
Ru was noncommittal.
You were very hungry.

You visited 2 branches of the dungeon, and saw 12 of its levels.
You also visited: Sewer and Ice Cave.

You collected 584 gold pieces.
You spent 315 gold pieces at shops.

Inventory:

Hand Weapons
 a - a +3 short sword of electrocution (weapon)
 b - a +0 hunting sling
 y - a +2 vampiric dagger
 O - a +0 scimitar of flaming
 U - a +1 flail of protection
Missiles
 x - a throwing net
 C - 42 sling bullets
 E - 329 stones (quivered)
Armour
 K - a +1 shield
Magical Staves
 H - an uncursed staff of cold
Jewellery
 n - a ring of protection from fire (left tentacle)
 s - an uncursed ring of fire
 z - a +2 ring of protection (on tentacle)
 L - a +3 ring of protection (right tentacle)
 S - a ring of stealth (on tentacle)
 T - an amulet of magic regeneration (around mantle)
Wands
 A - a wand of flame (33/48)
 I - a wand of disintegration (7/24)
 J - a wand of confusion (20/48)
 N - a wand of paralysis (20/24)
Scrolls
 i - a scroll of amnesia {unknown}
 l - a scroll of blinking {unknown}
 q - 2 scrolls of enchant armour
 u - a scroll of immolation
 v - 3 scrolls of teleportation
 B - a scroll of fear
 D - 3 scrolls of enchant weapon {unknown}
 Q - 5 scrolls of remove curse
 R - a scroll of fog
Potions
 c - a potion of heal wounds {unknown}
 e - a potion of might
 g - a potion of mutation
 j - a potion of magic
 k - 2 potions of lignification
 m - 4 potions of agility
 p - 2 potions of brilliance
 t - 3 potions of flight {sew}
 w - 2 potions of haste
 F - 7 potions of curing {sew}
 G - a potion of degeneration {unknown}
 P - a potion of ambrosia {unknown}
Books
 d - a book of Callings

   Spells                             Type                      Level
   a - Summon Small Mammal            Summoning                    1
   b - Call Imp                       Summoning                    2
   c - Call Canine Familiar           Summoning                    3
   d - Summon Guardian Golem          Hexes/Summoning              3
   e - Summon Lightning Spire         Summoning/Air                4
   f - Summon Ice Beast               Ice/Summoning                4
 o - a book of Frost

   Spells                             Type                      Level
   a - Freeze                         Ice                          1
   b - Throw Frost                    Conjuration/Ice              2
   c - Ozocubu's Armour               Charms/Ice                   3
   d - Throw Icicle                   Conjuration/Ice              4
   e - Summon Ice Beast               Ice/Summoning                4
 r - Qeownina's Almanac of the Lucky Mountains
   (You found it on level 4 of the Dungeon)

   Spells                             Type                      Level
   a - Infusion                       Charms                       1
   b - Swiftness                      Charms/Air                   2
   c - Shroud of Golubria             Charms/Translocation         2
   d - Passwall                       Transmutation/Earth          2
   e - Regeneration                   Charms/Necromancy            3
   f - Ozocubu's Armour               Charms/Ice                   3
   g - Spectral Weapon                Hexes/Charms                 3
Comestibles
 f - 5 bread rations
 h - 6 meat rations
 M - 10 chunks of flesh


   Skills:
 + Level 4.9 Fighting
 - Level 6.0 Dodging
 - Level 6.1 Stealth
 - Level 6.9 Spellcasting
 + Level 5.1 Charms
 + Level 6.5 Summonings
 - Level 2.2 Necromancy
 + Level 5.0 Ice Magic
 - Level 4.0 Air Magic
 - Level 5.5 Evocations


You couldn't memorise any spells.
You knew the following spells:

 Your Spells              Type           Power        Failure   Level  Hunger
a - Call Imp              Summ           ####....     1%          2    None
d - Call Canine Familiar  Summ           ####....     1%          3    #......
h - Swiftness             Chrm/Air       ####....     2%          2    None
q - Summon Lightning Spi  Summ/Air       ####....     11%         4    ###....
r - Regeneration          Chrm/Necr      ###.......   6%          3    #......
s - Ozocubu's Armour      Chrm/Ice       ####....     3%          3    #......
A - Summon Small Mammal   Summ           ####         1%          1    None
D - Summon Ice Beast      Ice/Summ       ####....     9%          4    ###....


Dungeon Overview and Level Annotations

Branches:
Dungeon (11/15)            Temple (1/1) D:4             Orc (0/2) D:9
   Lair: D:8-11

Altars:
Ashenzari
Cheibriados
Dithmenos
Elyvilon
Fedhas
Gozag
Hepliaklqana
Kikubaaqudgha
Makhleb
Nemelex Xobeh
Okawaru
Qazlal
Ru
Sif Muna
Trog
Uskayaw
Vehumet
Wu Jian
Xom
Yredelemnul
Zin
The Shining One

Shops:
D:6 [   D:7 [   D:10 ?

Annotations:
D:3 Rationalist's ghost, amateur MiFi
D:7 exclusion: hornet
D:8 1 exclusion
D:10 exclusions: ice dragon and ugly thing, Snorg
D:11 Erolcha; Nergalle IceCv exclusion: ice statue


Innate Abilities, Weirdness & Mutations

You cannot wear most types of armour.
You are very stealthy in the water. (Stealth+)
You are amphibious.
You can wear up to eight rings at the same time.
You can use your tentacles to constrict eight enemies at once.
Your skin changes colour to match your surroundings (Stealth+).
Your rubbery body absorbs attacks. (AC +1, EV +1)
One of your tentacles bears a spike.
You are agile. (Dex +2)


Message History

Unknown command.
You are engulfed in freezing vapours.
Your ice beast hits the ice beast.
Your ice beast freezes the ice beast.
The ice beast completely resists.
The ice beast hits your ice beast. The ice beast freezes your ice beast.
Your ice beast completely resists.
Okay, then.
You are engulfed in freezing vapours.
* * * LOW HITPOINT WARNING * * *
Your ice beast disappears in a puff of smoke!
Okay, then.
Okay, then.
Okay, then.
Okay, then.
Unknown command.
Unknown command.
Unknown command.
It was a potion of might.
You feel very mighty all of a sudden.
You are engulfed in freezing vapours.
You die...

########
##.#§@§Y#
#####.(§§##§§#
##..∩##..####Y§#
#∩..####..# ..#
#....# #..## ..#
#...####...# .8.
##..####..8##
#...
#...##...###
.### #..##...##


You could see 2 ice beasts.

Vanquished Creatures
  Prince Ribbit (D:9)
  A wraith (D:9)
  A black bear (D:7)
  3 ice beasts
  A sky beast (D:7)
  An orc warrior (D:6)
  A centaur (D:9)
  A bullfrog (D:6)
  A wyvern zombie (D:7)
  2 scorpions
  3 killer bees
  A howler monkey (D:9)
  4 crimson imps
  A centaur zombie (D:10)
  2 centaur skeletons
  5 hounds
  9 orc wizards
  4 orc priests
  2 bullfrog skeletons
  2 iguanas
  4 worker ants
  A howler monkey skeleton (D:7)
  A worker ant zombie (D:9)
  4 adders
  2 gnolls
  A river rat (Sewer)
  3 shadow imps
  An adder skeleton (D:9)
  A dart slug (D:3)
  2 worms
  4 leopard geckos
  16 orcs
  A ball python (D:3)
  3 giant cockroaches
  12 goblins
  2 hobgoblins
  5 jackals
  3 kobolds
  3 quokkas
  7 bats
  4 frilled lizards
  A giant cockroach zombie (D:5)
  6 rats
  4 plants (D:7)
137 creatures vanquished.

Vanquished Creatures (collateral kills)
  Erica (D:8)
  A two-headed ogre (D:8)
  2 unseen horrors
  2 polar bears (IceCv)
  A troll (D:9)
  A yak (IceCv)
  Duvessa (D:7)
  A black bear (D:10)
  2 sky beasts
  3 orc warriors
  A wolf (IceCv)
  6 centaurs
  11 ogres
  A crocodile (D:9)
  A big kobold (Sewer)
  A bullfrog (D:7)
  Dowan (D:7)
  3 scorpions
  7 killer bees
  2 howler monkeys
  3 crimson imps
  A centaur zombie (D:7)
  9 orc priests
  2 jellies
  A gnoll shaman (D:10)
  6 orc wizards
  2 iguanas
  5 worker ants
  A worker ant zombie (D:6)
  10 gnolls
  5 adders
  A river rat (Sewer)
  2 worms (D:3)
  A leopard gecko (D:8)
  30 orcs
  A giant cockroach (D:3)
  2 goblins
  3 hobgoblins
  2 jackals (Sewer)
  2 quokkas
  5 kobolds
  3 rats
  2 plants (D:7)
148 creatures vanquished.

Vanquished Creatures (others)
  7 fungi (D:5)
7 creatures vanquished.

Grand Total: 292 creatures vanquished

Notes
Turn   | Place    | Note
-------+----------+-------------------------------------------
     0 | D:1      | vev the Octopode Summoner began the quest for the Orb.
     0 | D:1      | Reached XP level 1. HP: 11/11 MP: 3/3
     0 | D:1      | RNG BLESS
   196 | D:1      | Reached skill level 3 in Stealth
   329 | D:1      | Reached XP level 2. HP: 16/17 MP: 1/5
   919 | D:1      | Learned a level 2 spell: Call Imp
  1226 | D:2      | Reached XP level 3. HP: 21/21 MP: 3/6
  1277 | D:2      | Reached skill level 4 in Stealth
  1603 | D:2      | Found a shattered altar of Ashenzari.
  2087 | D:3      | Reached XP level 4. HP: 27/27 MP: 7/7
  2124 | D:3      | Noticed Rationalist's ghost (amateur MiFi)
  2172 | D:3      | Learned a level 3 spell: Call Canine Familiar
  2184 | D:3      | Noticed an ogre
  2395 | D:3      | Reached skill level 5 in Summonings
  2510 | D:4      | Noticed an ogre
  2511 | D:4      | Found a staircase to the Ecumenical Temple.
  2527 | Temple   | Entered the Ecumenical Temple
  2595 | Temple   | Became a worshipper of Ru the Awakened
  2665 | D:3      | Killed an ogre
  2665 | D:3      | Reached skill level 1 in Fighting
  2665 | D:3      | Reached XP level 5. HP: 33/33 MP: 1/8
  3017 | D:4      | Reached skill level 5 in Stealth
  3084 | D:4      | Killed an ogre
  3084 | D:4      | Reached skill level 3 in Dodging
  3084 | D:4      | Reached XP level 6. HP: 38/38 MP: 1/9
  3127 | D:4      | Identified Qeownina's Almanac of the Lucky Mountains
  3528 | D:4      | Reached skill level 2 in Fighting
  3598 | D:5      | Entered Level 5 of the Dungeon
  3647 | D:5      | Reached skill level 6 in Stealth
  3702 | D:5      | Reached XP level 7. HP: 45/45 MP: 6/11
  3708 | D:5      | Learned a level 4 spell: Summon Lightning Spire
  3712 | D:5      | Reached skill level 3 in Spellcasting
  3712 | D:5      | Reached skill level 1 in Air Magic
  3904 | D:5      | Reached skill level 2 in Air Magic
  3918 | D:5      | Learned a level 2 spell: Swiftness
  4184 | D:5      | Reached skill level 3 in Air Magic
  4643 | D:4      | You fall through a shaft for 2 floors!
  4676 | D:6      | Reached skill level 4 in Air Magic
  4676 | D:6      | Reached XP level 8. HP: 46/51 MP: 10/13
  4723 | D:6      | Reached skill level 4 in Spellcasting
  4733 | D:6      | Learned a level 3 spell: Ozocubu's Armour
  4750 | D:6      | HA
  4828 | D:6      | Found a glowing drain.
  4833 | Sewer    | Entered a sewer
  4935 | Sewer    | Reached skill level 1 in Charms
  4935 | Sewer    | Reached skill level 1 in Ice Magic
  4953 | Sewer    | Found a white marble altar of Elyvilon.
  5171 | D:6      | Found a burning altar of Makhleb.
  5200 | D:6      | Reached skill level 2 in Charms
  5208 | D:6      | Reached skill level 2 in Ice Magic
  5387 | D:6      | Reached skill level 3 in Charms
  5398 | D:6      | Reached skill level 3 in Ice Magic
  5775 | D:6      | Found Cyschepp's Antique Armour Shoppe.
  6086 | D:7      | Noticed Duvessa
  6091 | D:7      | Noticed Dowan
  6102 | D:7      | Killed Dowan
  6103 | D:7      | Killed Duvessa
  6103 | D:7      | Reached skill level 4 in Charms
  6134 | D:7      | Found Ywavutydgh's Antique Armour Shoppe.
  6191 | D:7      | Reached XP level 9. HP: 30/55 MP: 3/15
  6247 | D:7      | Bought a shield for 112 gold pieces
  6270 | D:7      | Reached skill level 4 in Ice Magic
  6329 | D:7      | !!
  6408 | D:7      | Reached skill level 5 in Spellcasting
  6413 | D:7      | Learned a level 3 spell: Regeneration
  6770 | D:7      | Reached skill level 6 in Spellcasting
  6917 | D:6      | Reached skill level 1 in Necromancy
  7218 | D:7      | Reached skill level 2 in Necromancy
  7272 | D:7      | Noticed a hornet
  7453 | D:8      | Noticed Erica
  7463 | D:8      | Killed Erica
  7463 | D:8      | Reached skill level 3 in Evocations
  7500 | D:8      | Noticed a two-headed ogre
  7519 | D:8      | Killed a two-headed ogre
  7519 | D:8      | Reached skill level 5 in Evocations
  7519 | D:8      | Reached XP level 10. HP: 19/61 MP: 1/20
  7689 | D:8      | Learned a level 4 spell: Summon Ice Beast
  8138 | D:9      | Reached skill level 4 in Dodging
  8182 | D:9      | Found a staircase to the Orcish Mines.
  8585 | D:9      | Reached skill level 5 in Dodging
  8742 | D:9      | !!
  8742 | D:9      | loaded mofo
  8775 | D:9      | Got a shimmering arbalest
  8799 | D:9      | Identified the cursed +2 arbalest "Wit Pagu" {velocity, rF++ Int+2 SInv Stlth+} (You took it off a crimson imp on level 9 of the Dungeon)
  8881 | D:9      | Noticed Prince Ribbit
  8924 | D:9      | Killed Prince Ribbit
  8924 | D:9      | Reached skill level 3 in Fighting
  8926 | D:9      | <3
  9081 | D:10     | Entered Level 10 of the Dungeon
  9092 | D:10     | Found Meastrurgh's Magic Scroll Shop.
  9331 | D:10     | Noticed Snorg
  9500 | D:10     | Noticed a purple ugly thing
  9541 | D:10     | Reached skill level 6 in Dodging
  9587 | D:10     | Noticed an ice dragon
  9632 | D:10     | Gained mutation: One of your tentacles bears a spike. [potion of mutation]
  9632 | D:10     | Gained mutation: You are agile. (Dex +2) [potion of mutation]
  9632 | D:10     | HP: 3/63 [something (5)]
 10106 | D:10     | Bought a scroll of fear for 49 gold pieces
 10106 | D:10     | Bought a scroll of identify for 28 gold pieces
 10106 | D:10     | Bought a scroll of identify for 28 gold pieces
 10106 | D:10     | Bought a scroll of noise for 14 gold pieces
 10107 | D:10     | Bought a scroll of teleportation for 42 gold pieces
 10107 | D:10     | Bought a scroll of teleportation for 42 gold pieces
 10148 | D:10     | ugh d/c
 10151 | D:10     | Reached skill level 4 in Fighting
 10196 | D:10     | Killed an unseen horror
 10202 | D:10     | fu
 10282 | D:11     | Reached skill level 6 in Summonings
 10389 | D:11     | doh
 10420 | D:11     | Killed an unseen horror
 10427 | D:11     | Noticed Erolcha
 10478 | D:11     | Noticed Nergalle
 10506 | D:11     | Found a frozen archway.
 10515 | IceCv    | Entered an ice cave
 10548 | IceCv    | Reached skill level 5 in Charms
 10554 | IceCv    | Reached skill level 5 in Ice Magic
 10621 | IceCv    | Noticed an ice statue
 10650 | IceCv    | Engulfed by an ice statue's freezing vapour

Vault maps used:
D:1:      grunt_arrival_crossed_arrows
D:2:      evilmike_ruin_ashenzari
D:3:      wad_river_or_something, first_bread
D:4:      minmay_temple_entry_junction, serial_curves, eino_curves_03,
          eino_curves_03, eino_curves_03, item_on_display_a
D:5:      minmay_diamond_boxcup, serial_aquarium, aquarium_bridge_straight,
          aquarium_bridge_square, aquarium_window_corridor_2,
          aquarium_window_fake, aquarium_view_2c, aquarium_balcony_5a,
          serial_bayou_pond_e, kennysheep_generic_room_12
D:6:      basic_altar, portal_sewer_entry_e, serial_shops, kennysheep_mini_moat,
          grunt_ministairs_10, kennysheep_small_square
D:7:      serial_shops, nicolae_shop_overgrown_old_shop, minmay_misc_feat_x,
          uniq_duvessa
D:8:      minmay_misc_feat_rows, uniq_erica, uniq_grum
D:9:      orc_0_dummy, serial_shops, shop, uniq_prince_ribbit1
D:10:     minmay_the_grid_net, serial_shops, shop, nicolae_trove_entry_crystal,
          uniq_snorg
D:11:     portal_ice_cave_entry_pillars_2, blue_anna_alchemist, uniq_erolcha,
          uniq_nergalle
Temple:   grunt_wide_crystal_templ
Sewer:    sewer_kobolds
IceCv:    ice_cave_caverns_03

Skill      XL: |  1  2  3  4  5  6  7  8  9 10 |
---------------+-------------------------------+-----
Stealth        | 3 4 5 6 |  6.1
Summonings     | 5 6 |  6.5
Fighting       | 1 2 4 |  4.9
Dodging        | 3 6 |  6.0
Spellcasting   | 3 4 6 |  6.9
Air Magic      | 4 |  4.0
Charms         | 4 5 |  5.1
Ice Magic      | 3 4 5 |  5.0
Necromancy     | 2 |  2.2
Evocations     | 5 |  5.5

Action                   |  1- 3 |  4- 6 |  7- 9 | 10-12 || total
-------------------------+-------+-------+-------+-------++-------
Melee: Dagger            |    67 |    83 |   254 |    81 ||   485
       Constrict         |    25 |    21 |    56 |    22 ||   124
       Unarmed           |     4 |       |       |       ||     4
       Tentacles         |    12 |    19 |    42 |    22 ||    95
       Short sword       |       |       |       |    69 ||    69
       Kick              |       |       |       |    18 ||    18
Throw: Stone             |       |       |     5 |     6 ||    11
 Cast: Summon Small Mamm |    19 |       |     4 |       ||    23
       Call Imp          |    14 |    26 |    55 |    24 ||   119
       Call Canine Famil |       |     9 |    24 |    21 ||    54
       Summon Lightning  |       |       |    27 |    21 ||    48
       Ozocubu's Armour  |       |       |    14 |    18 ||    32
       Regeneration      |       |       |     2 |    21 ||    23
       Summon Ice Beast  |       |       |       |    11 ||    11
       Swiftness         |       |       |       |     1 ||     1
Invok: Reject Sacrifices |       |       |     1 |       ||     1
Evoke: Wand              |       |       |       |     2 ||     2
  Use: Scroll            |     2 |     3 |    11 |     6 ||    22
       Potion            |       |       |       |     5 ||     5
 Stab: Sleeping          |     7 |     9 |    12 |    12 ||    40
       Distracted        |     2 |       |     5 |     2 ||     9
  Eat: Chunk             |     5 |     7 |    18 |    13 ||    43
       Royal jelly       |       |       |     1 |     1 ||     2
       Meat ration       |       |       |     1 |       ||     1
Armor: Skin              |     4 |     6 |    54 |    85 ||   149
Dodge: Dodged            |    37 |    60 |   131 |   155 ||   383
